 Dungeon Crawl Stone Soup version 0.30.0-29-ga12c61a403 (webtiles) character file.

Game seed: 4363170374641936481

7410 benadryl the Basher (level 11, -2/78 HPs)
             Began as a Djinni Ice Elementalist on June 5, 2023.
             Slain by a manticore (13 damage)
             ... on level 9 of the Dungeon.
             The game lasted 00:14:14 (10613 turns).

benadryl the Basher (Djinni Ice Elementalist)      Turns: 10613, Time: 00:14:15

Health: -2/78      AC: 12    Str:  9    XL:     11   Next: 36%
Gold:   547        EV: 10    Int: 22    God:
                   SH:  0    Dex: 15

rFire   + + .        i - +6 shillelagh "Devastator" {shatter}
rCold   x . .        (no shield)
rNeg    . . .        z - +1 ring mail "Tesuxtuet" {Int+4}
rPois   ∞            u - +0 helmet
rElec   .            r - +0 cloak
rCorr   .            (no gloves)
SInv    .            (boots unavailable)
Will    +....        (no amulet)
Stlth   +            (no ring)
HPRegen 0.33/turn    (no ring)
MPRegen 0.00/turn

%: infuse magic (-3 HP)
@: ice-armoured, about to teleport, freezing walls, flying
A: sickness immunity, fire resistance 2, cold vulnerability 1, float, innate
caster, HP casting, extra vitality 1
a: no special abilities


You were on level 9 of the Dungeon.
You visited 2 branches of the dungeon, and saw 10 of its levels.

You collected 547 gold pieces.

Inventory:

Hand Weapons
 c - a +0 dagger
 i - the +6 shillelagh "Devastator" (weapon) {shatter}
   (You found it on level 5 of the Dungeon)
 k - a +0 whip of draining
Armour
 a - a +0 robe
 r - a +0 cloak (worn)
 u - a +0 helmet (worn)
 z - the +1 ring mail "Tesuxtuet" (worn) {Int+4}
   (You found it on level 7 of the Dungeon)

   Int:       It affects your intelligence (+4).
Wands
 q - a wand of polymorph (11)
 s - a wand of flame (66)
 x - a wand of mindburst (35)
 A - a wand of paralysis (5)
 D - a wand of quicksilver (14)
Scrolls
 d - 2 scrolls of enchant armour
 g - a scroll of noise
 m - a scroll of amnesia
 o - a scroll of butterflies
 v - 4 scrolls of fog
 y - 2 scrolls of teleportation
 B - a scroll of enchant weapon
 C - a scroll of blinking {unknown}
 E - 2 scrolls of identify {@r1}
Potions
 b - a potion of haste {unknown}
 e - 3 potions of flight
 f - 5 potions of degeneration
 h - 3 potions of magic
 j - a potion of ambrosia {unknown}
 l - a potion of might {unknown}
 p - 3 potions of curing {@q1}
 t - 2 potions of attraction {unknown}
 w - a potion of cancellation {unknown}


   Skills:
 * Level 6.4 Fighting
 - Level 11.2 Maces & Flails
 - Level 2.1 Dodging
 - Level 1.5 Stealth
 - Level 7.0 Spellcasting


You knew the following spells:

 Your Spells              Type           Power      Damage    Failure   Level
a - Freeze                Ice            100%       1d10      1%          1
b - Frozen Ramparts       Ice            76%        1d12      3%          3
c - Ozocubu's Armour      Ice            38%        N/A       3%          3
d - Summon Ice Beast      Ice/Summ       38%        N/A       13%         4
e - Kiss of Death         Conj/Necr      100%       2d13      1%          1
f - Static Discharge      Conj/Air       76%        2-6/arc   1%          2
g - Mephitic Cloud        Conj/Pois/Air  38%        N/A       3%          3
h - Olgreb's Toxic Radia  Pois           38%        N/A       13%         4
i - Lee's Rapid Deconstr  Erth           19%        3d11*     34%         5
Your spell library was empty.

Dungeon Overview and Level Annotations

Branches:
Dungeon (9/15)             Temple (1/1) D:7            Lair (0/5) D:8
    Orc: D:9-12

Altars:
Cheibriados
Dithmenos
Elyvilon
Fedhas
Gozag
Hepliaklqana
Nemelex Xobeh
Okawaru
Qazlal
Ru
Trog
Uskayaw
Wu Jian
Xom
Yredelemnul
Zin
The Shining One

Shops:
D:2 [

Annotations:
D:4 3 runed translucent doors, Bobsterar's ghost, amateur MiFi; JMMCWHIRT's ghost, amateur MiCK; Sans23's ghost, amateur HuWn; mkat's ghost, amateur HuHW
D:8 1 runed translucent door, seaoflcl's ghost, novice GnWn


Innate Abilities, Weirdness & Mutations

You are immune to sickness and miasma.
You are immune to poison.
Your flesh is very heat resistant. (rF++)
You are vulnerable to cold. (rC-)
You float through the air rather than walking.
You learn spells naturally, not from books.
Your magical power is your life essence.
You have superior vitality. (+4 MHP)


Message History

The manticore claws you but does no damage.
Casting: Ozocubu's Armour (dangerous; 3% risk of failure)
Confirm with . or Enter, or press ? or * to list all spells.
Casting: Frozen Ramparts (dangerous; 3% risk of failure)
Press: ? - help, Dir - look around, f - activate The walls around you are covered in ice.
The wall freezes the manticore but does no damage.
The manticore bites you. The manticore claws you.
The manticore claws you but does no damage.
You hit the manticore but do no damage.
The manticore is lightly wounded.
The wall freezes the manticore.
The manticore bites you but does no damage.
The manticore claws you. The manticore closely misses you.
You hit the manticore.
The manticore shudders.
The manticore is moderately wounded. x2
You barely miss the manticore.
The manticore is moderately wounded.
The wall freezes the manticore.
The manticore bites you!
* * * LOW HITPOINT WARNING * * *
The manticore claws you but does no damage.
The manticore claws you!
* * * LOW HITPOINT WARNING * * *
Okay, then.
As you read the scroll of fear, it crumbles to dust.
You assume a fearsome visage.
The manticore looks frightened!
The wall freezes the manticore!
Your attack snaps the manticore out of its fear.
The manticore closely misses you. The manticore barely misses you.
The manticore claws you but does no damage.
As you read the scroll of teleportation, it crumbles to dust.
You feel strangely unstable.
The wall freezes the manticore!
The manticore bites you!
* * * LOW HITPOINT WARNING * * *
The manticore closely misses you.
The manticore claws you but does no damage.
You feel better.
The wall freezes the manticore but does no damage.
The manticore bites you!
You die...

.......# #... #...#
#......# ##...##...#
'......# ..........#
#......# ..........#
#......# ..........#
#......# .H.....)..#
#......###########)).#
#................#)..#
................@#...#
#######..........H...#
#..........#...#
#..........#...#
############...# ....#
....# #...# ### ####


You could see a manticore.

Vanquished Creatures
  Pikel (D:6)
  Psyche (D:8)
  A hornet (D:9)
  A wraith (D:9)
  A wyvern (D:9)
  5 yaks (D:9)
  A steam dragon (D:9)
  Menkaure (D:6)
  7 water moccasins
  Duvessa (D:6)
  An ice beast (D:5)
  A sky beast (D:6)
  3 orc warriors
  A black bear (D:6)
  5 centaurs
  2 lemures (D:6)
  2 phantoms
  3 kobold brigands (D:8)
  10 bullfrogs
  A gnoll sergeant (D:9)
  A scorpion (D:8)
  15 wights
  Dowan (D:6)
  10 killer bees
  A howler monkey (D:6)
  A hound (D:6)
  4 orc priests
  4 jellies
  A gnoll bouda (D:2)
  A sleepcap (D:5)
  An iguana (D:5)
  6 orc wizards
  8 gnolls
  4 adders
  A shadow imp (D:5)
  An ufetubus (D:4)
  A worm (D:3)
  3 dart slugs
  29 orcs
  4 bats
  7 endoplasms
  5 giant cockroaches
  7 goblins
  9 hobgoblins
  10 kobolds
  3 quokkas
  8 ball pythons
  5 frilled lizards
  4 rats
204 creatures vanquished.

Vanquished Creatures (collateral kills)
  Eustachio (D:4)
  2 ogres (D:5)
  A scorpion (D:6)
  An orc (D:5)
5 creatures vanquished.

Vanquished Creatures (others)
  A gnoll (D:9)
1 creature vanquished.

Grand Total: 210 creatures vanquished

Notes
Turn   | Place    | Note
-------+----------+-------------------------------------------
     0 | D:1      | benadryl the Djinni Ice Elementalist began the quest for
                  | the Orb.
     0 | D:1      | benadryl set off with the following spells memorised:
                  | Freeze, Frozen Ramparts, Ozocubu's Armour, Summon Ice
                  | Beast.
     0 | D:1      | Reached XP level 1. HP: 15/15 MP: 0/0
    38 | D:1      | Reached skill level 1 in Fighting
   193 | D:1      | Reached XP level 2. HP: 21/22 MP: 0/0
   420 | D:1      | Reached XP level 3. HP: 2/29 MP: 0/0
   420 | D:1      | Learned a level 1 spell: Kiss of Death
  1044 | D:2      | Found Jyel's Armour Shoppe.
  1290 | D:2      | Reached XP level 4. HP: 29/35 MP: 0/0
  1298 | D:2      | Reached XP level 5. HP: 19/40 MP: 0/0
  1298 | D:2      | Learned a level 2 spell: Static Discharge
  3431 | D:4      | Found a runed translucent gate.
  3431 | D:4      | Found a runed translucent gate.
  3431 | D:4      | Found a runed translucent gate.
  3459 | D:4      | Reached XP level 6. HP: 35/46 MP: 0/0
  3583 | D:4      | Noticed JMMCWHIRT's ghost (amateur MiCK)
  3583 | D:4      | Noticed mkat's ghost (amateur HuHW)
  3585 | D:4      | Noticed Bobsterar's ghost (amateur MiFi)
  3585 | D:4      | Noticed Sans23's ghost (amateur HuWn)
  3707 | D:4      | Found a blossoming altar of Fedhas.
  3711 | D:4      | Found a hide-covered altar of Uskayaw.
  3711 | D:4      | Found a shadowy altar of Dithmenos.
  3712 | D:4      | Found a bloodstained altar of Trog.
  3713 | D:4      | Found a sacrificial altar of Ru.
  3714 | D:4      | Found an ornate altar of the Wu Jian Council.
  3714 | D:4      | Found a sparkling altar of Nemelex Xobeh.
  4059 | D:4      | Noticed Eustachio
  4070 | D:4      | Killed Eustachio
  4071 | D:4      | Reached skill level 5 in Spellcasting
  4433 | D:5      | Entered Level 5 of the Dungeon
  4445 | D:5      | Reached XP level 7. HP: 50/50 MP: 0/0
  4445 | D:5      | Learned a level 3 spell: Mephitic Cloud
  4446 | D:5      | Noticed a water moccasin
  4457 | D:5      | Killed a water moccasin
  4802 | D:5      | Found the +6 shillelagh "Devastator" {shatter}
  4850 | D:5      | Reached XP level 8. HP: 53/56 MP: 0/0
  5041 | D:5      | Reached skill level 1 in Maces & Flails
  5184 | D:5      | Found a glowing silver altar of Zin.
  5455 | D:6      | Noticed Menkaure
  5460 | D:6      | Killed Menkaure
  5461 | D:6      | Reached skill level 2 in Maces & Flails
  5503 | D:6      | Reached skill level 3 in Maces & Flails
  5708 | D:6      | Noticed Dowan
  5708 | D:6      | Noticed Duvessa
  5714 | D:6      | Killed Dowan
  5717 | D:6      | Killed Duvessa
  5718 | D:6      | Reached skill level 4 in Maces & Flails
  5879 | D:6      | Reached XP level 9. HP: 46/60 MP: 0/0
  5879 | D:6      | Learned a level 4 spell: Olgreb's Toxic Radiance
  5933 | D:6      | Reached skill level 5 in Maces & Flails
  6312 | D:6      | Found a hazy altar of Hepliaklqana.
  6391 | D:6      | Noticed Pikel
  6399 | D:6      | Reached skill level 6 in Maces & Flails
  6410 | D:6      | Killed Pikel
  6411 | D:6      | Reached skill level 7 in Maces & Flails
  6746 | D:7      | Found a staircase to the Ecumenical Temple.
  6750 | D:7      | Identified the +1 ring mail "Tesuxtuet" {Int+4}
  6903 | Temple   | Entered the Ecumenical Temple
  7091 | D:7      | Reached skill level 8 in Maces & Flails
  7161 | D:7      | Reached XP level 10. HP: 34/67 MP: 0/0
  7351 | D:7      | Found a basalt altar of Yredelemnul.
  7818 | D:8      | Found a staircase to the Lair.
  7822 | D:8      | Reached skill level 9 in Maces & Flails
  8190 | D:8      | Found a runed translucent door.
  8191 | D:8      | Noticed seaoflcl's ghost (novice GnWn)
  8237 | D:8      | Reached skill level 10 in Maces & Flails
  8668 | D:8      | Noticed Psyche
  8676 | D:8      | Killed Psyche
  9170 | D:9      | Reached XP level 11. HP: 45/71 MP: 0/0
  9170 | D:9      | Learned a level 5 spell: Lee's Rapid Deconstruction
  9410 | D:9      | Reached skill level 11 in Maces & Flails
 10005 | D:9      | Found a snail-covered altar of Cheibriados.
 10032 | D:9      | Reached skill level 5 in Fighting
 10535 | D:9      | Noticed a manticore
 10612 | D:9      | HP: 2/78 [manticore (9)]
 10613 | D:9      | Slain by a manticore

Illustrated notes

Levels and vault maps discovered:
D:1:      dpeg_arrival_arbitrary_b, layout_basic, hex_tiny
D:2:      wander_river, layout_loops_ring, serial_shops,
          nicolae_shop_real_fake_doors, minmay_tree_intersection
D:3:      layout_basic, marbit_many_paths, gup_sewer_entry_bowl,
          minmay_pentomino_pile
D:4:      layout_basic, grunt_temple_overflow_open, gammafunk_ghost_cemetery,
          minmay_fountain_box, uniq_eustachio
D:5:      layout_rooms, mainiacjoe_overflow_catwalk, mainiacjoe_overflow_paths,
          chequers_arboretum, dilly_guarded_unrand_devastator
D:6:      layout_basic, nzn_hepliaklqana_mist_gate, uniq_duvessa, uniq_menkaure,
          uniq_pikel
D:7:      layout_rooms, amcnicky_altar_gilded, temple_statues
D:8:      layout_rooms, due_lair_maze_entry_diamond, gammafunk_ghost_grave,
          minmay_unpleasant_kobolds, uniq_psyche
D:9:      layout_gridville, old_standard_altar
Temple:   hellmonk_temple_beads

Skill      XL: |  1  2  3  4  5  6  7  8  9 10 11 |
---------------+----------------------------------+-----
Fighting       | 1 2 3 6 |  6.4
Spellcasting   | 4 5 6 7 |  7.0
Maces & Flails | 4 8 10 11 | 11.2
Dodging        | |  2.1
Stealth        | |  1.5

Action                     |  1- 3 |  4- 6 |  7- 9 | 10-12 || total
---------------------------+-------+-------+-------+-------++-------
  Melee: Unarmed           |     7 |       |       |       ||     7
         Dagger            |    66 |       |       |       ||    66
         Whip              |       |    88 |    14 |       ||   102
         Punch             |       |       |     2 |       ||     2
         Shillelagh        |       |       |    94 |   174 ||   268
   Cast: Freeze            |    24 |    25 |     9 |       ||    58
         Frozen Ramparts   |     1 |     5 |     5 |     7 ||    18
         Ozocubu's Armour  |     1 |     1 |     3 |     7 ||    12
         Summon Ice Beast  |       |     1 |     4 |     6 ||    11
         Static Discharge  |       |       |     2 |       ||     2
         Mephitic Cloud    |       |       |     1 |       ||     1
    Use: Scroll            |       |     9 |     2 |     5 ||    16
         Potion            |       |       |     1 |     1 ||     2
   Stab: Sleeping          |     4 |     4 |     4 |       ||    12
 Armour: Robe              |    21 |    26 |    29 |       ||    76
         Ring mail         |       |       |       |    80 ||    80
  Dodge: Dodged            |    47 |    77 |    53 |   117 ||   294
